 Dungeon Crawl Stone Soup version 0.23-a0-344-ge122d05 (webtiles) character file.

7277 MisterFreud the Covert (level 10, -27/39 HPs)
             Began as a Felid Artificer on Oct 19, 2018.
             Was a Follower of Ru.
             Annihilated by a komodo dragon (29 damage)
             ... on level 1 of the Lair of Beasts.
             The game lasted 00:51:03 (17358 turns).

MisterFreud the Covert (Felid Artificer)           Turns: 17358, Time: 00:51:05

Health: -27/39     AC:  2    Str: 11    XL:     10   Next: 89%
Magic:  17/17      EV: 26    Int: 13    God:    Ru [*.....]
Gold:   408        SH:  0    Dex: 17    Spells: 9/9 levels left
                                        Lives:  0   Deaths: 3

rFire    . . .     SeeInvis +     - Unarmed
rCold    . . .     Gourm    .   (shield unavailable)
rNeg     . . .     Faith    .   (armour unavailable)
rPois    .         Spirit   .   (helmet unavailable)
rElec    .         Reflect  .   (cloak unavailable)
rCorr    .         Harm     .   (gloves unavailable)
MR       +....                  (boots unavailable)
Stlth    ++++++....             (no amulet)
HPRegen  0.13/turn              (no ring)
MPRegen  0.15/turn              (no ring)

@: quick
A: very small, no armour, no weapons or thrown items, stealth, claws 1, fangs 3,
see invisible, carnivore, speed 1, shaggy fur 2, slow metabolism 1, cowardly,
sharp paws
a: Renounce Religion


You were on level 1 of the Lair of Beasts.
You worshipped Ru.
Ru was aware of your devotion.
You were completely stuffed.

You visited 3 branches of the dungeon, and saw 14 of its levels.

You collected 784 gold pieces.
You spent 376 gold pieces at shops.

Inventory:

Wands
 a - a wand of flame (40)
 b - a wand of enslavement (2)
 i - a wand of disintegration (9)
 l - a wand of acid (20)
 s - a wand of polymorph (8)
 t - a wand of iceblast (7)
 v - a wand of scattershot (6)
Scrolls
 c - 6 scrolls of teleportation
 e - 7 scrolls of remove curse
 h - a scroll of torment
 k - a scroll of magic mapping
 n - a scroll of fear
 r - 2 scrolls of amnesia {unknown}
 u - 2 scrolls of random uselessness {unknown}
 x - a scroll of silence {unknown}
Potions
 f - 2 potions of berserk rage
 g - 2 potions of agility
 j - a potion of mutation
 m - 2 potions of curing
 o - 2 potions of heal wounds
 p - a potion of might
 q - a potion of lignification
 w - a potion of haste
 z - a potion of brilliance {unknown}
Comestibles
 d - 20 rations


   Skills:
 - Level 1.0 Fighting
 - Level 10.0 Dodging
 + Level 13.4 Stealth
 - Level 12.0 Unarmed Combat
 - Level 8.0 Evocations


You had 9 spell levels left.
You didn't know any spells.
Your spell library contained the following spells:

 Spells                   Type           Power        Failure   Level  Hunger
 Animate Skeleton         Necr           N/A          30%         1    ##.....
 Apportation              Tloc           #.....       30%         1    ##.....
 Confusing Touch          Hex            #.....       30%         1    ##.....
 Freeze                   Ice            #...         30%         1    ##.....
 Sandblast                Erth           #.....       30%         1    ##.....
 Summon Small Mammal      Summ           #...         30%         1    ##.....
 Passwall                 Tmut/Erth      #.......     43%         2    ###....
 Throw Frost              Conj/Ice       #.....       43%         2    ###....
 Ozocubu's Armour         Chrm/Ice       #.......     67%         3    ####...
 Stone Arrow              Conj/Erth      #.....       67%         3    ####...
 Petrify                  Tmut/Erth      #.......     97%         4    #####..
 Summon Ice Beast         Ice/Summ       #.......     97%         4    #####..
 Throw Icicle             Conj/Ice       #.......     97%         4    #####..
 Lee's Rapid Deconstruct  Erth           #.........   100%        5    ######.


Dungeon Overview and Level Annotations

Branches:
Dungeon (12/15)            Temple (1/1) D:6            Lair (1/6) D:11
    Orc (0/2) D:9

Altars:
Cheibriados
Elyvilon
Gozag
Hepliaklqana
Okawaru
Qazlal
Ru
Sif Muna
Trog
Uskayaw
Xom
Yredelemnul
Zin
The Shining One

Shops:
D:5 =   D:9 :[![:   D:10 }

Annotations:
D:3 3 runed doors, bear's ghost, amateur DsBe
D:7 1 runed door, exclusion: door, Ghost621's ghost, novice MiFi
D:9 2 runed doors, exclusion: orange crystal statue
D:11 exclusion: obsidian statue


Innate Abilities, Weirdness & Mutations

You cannot wear armour.
You are incapable of wielding weapons or throwing items.
Your paws allow you to move quietly. (Stealth)
You have sharp claws.
You have razor-sharp teeth.
You have supernaturally acute eyesight. (SInv)
You are carnivorous and can eat meat at any time.
You cover ground quickly.
You are covered in thick fur. (AC +2)
You have a slow metabolism.
Your cowardice makes you less effective in combat with threatening monsters.
Your sharp claws are effective at attacking unaware monsters.


Message History

The komodo dragon closely misses you.
You barely miss the komodo dragon.
The komodo dragon is severely wounded.
You scratch the komodo dragon but do no damage.
Your claw misses the komodo dragon.
The komodo dragon is severely wounded.
The komodo dragon bites you!!
Ouch! That really hurt!
* * * LOW HITPOINT WARNING * * *
Evoke which item? (* to show all) (? for menu, Esc to quit)
Aiming: Corrosive Bolt
Press: ? - help, Shift-Dir - straight line, f - komodo dragon
Aim: a komodo dragon (severely wounded)
The bolt of acid hits the komodo dragon.
The komodo dragon is splashed with acid.
The acid corrodes the komodo dragon!
The komodo dragon is almost dead.
The komodo dragon bites you!!
Ouch! That really hurt!
You die...

...##...#....[..#.##+.#..
...##.####...............
...P#.##P................
.........................
.........................
...................).(...
...................!.....
.........................
.............###@##.####.
.####+##.#... #l# .# .
..+.. ... .. . #.... ..
#.......# #......
#....).. #.####.##


You could see a komodo dragon.

Vanquished Creatures
  Gastronok (Lair:1)
  An unseen horror (D:12)
  A black mamba (Lair:1)
  A guardian serpent (D:11)
  A spiny frog (Lair:1)
  2 trolls
  2 hippogriffs
  A hornet (D:9)
  A shadow (D:10)
  A wraith (D:11)
  3 yaks (D:11)
  4 basilisks
  2 hungry ghosts
  A water moccasin (Lair:1)
  5 porcupines
  An ice beast (D:4)
  2 orc warriors
  3 sky beasts
  6 black bears
  9 ogres
  A necrophage (D:9)
  A phantom (D:11)
  2 wolves (D:11)
  11 centaurs
  A crocodile (Lair:1)
  2 big kobolds
  4 bullfrogs
  A gnoll sergeant (D:12)
  2 scorpions (D:5)
  6 killer bees
  3 wights (D:6)
  5 crimson imps
  2 centaur zombies
  7 orc wizards
  3 hounds
  4 jellies
  A centaur skeleton (D:4)
  A gnoll shaman (D:7)
  An orc priest (D:6)
  A bullfrog skeleton (D:10)
  4 iguanas
  8 worker ants
  A hound zombie (D:11)
  2 hound skeletons
  2 howler monkey zombies
  6 gnolls
  10 adders
  A shadow imp (D:5)
  An ooze (D:7)
  3 dart slugs
  5 leopard geckos
  23 orcs
  A ball python (D:3)
  11 bats
  7 giant cockroaches
  15 goblins
  6 hobgoblins
  14 jackals
  13 kobolds
  3 quokkas
  5 frilled lizards
  A jackal zombie (D:5)
  A leopard gecko zombie (D:6)
  A quokka skeleton (D:7)
  A quokka zombie (D:6)
  8 rats
260 creatures vanquished.

Vanquished Creatures (collateral kills)
  A necrophage (D:9)
  An orc priest (D:6)
  4 orcs
  2 jackals (D:6)
8 creatures vanquished.

Vanquished Creatures (others)
  2 killer bees
  An orc priest (D:5)
  An orc wizard (D:6)
  A worker ant zombie (D:7)
  A jackal (D:1)
  A ball python (D:1)
  A bush (D:11)
  3 fungi (D:11)
  12 plants (D:11)
23 creatures vanquished.

Grand Total: 291 creatures vanquished

Notes
Turn   | Place    | Note
-------+----------+-------------------------------------------
     0 | D:1      | MisterFreud the Felid Artificer began the quest for the
                  | Orb.
     0 | D:1      | Reached XP level 1. HP: 9/9 MP: 4/4
    75 | D:1      | Reached skill level 2 in Stealth
   274 | D:1      | Reached skill level 3 in Stealth
   302 | D:1      | Reached XP level 2. HP: 12/12 MP: 5/5
   499 | D:1      | Reached skill level 4 in Stealth
   875 | D:1      | Reached XP level 3. HP: 15/15 MP: 6/6
  1337 | D:2      | Reached skill level 5 in Stealth
  1699 | D:2      | Reached XP level 4. HP: 19/19 MP: 7/7
  1757 | D:2      | Reached skill level 6 in Stealth
  1843 | D:2      | Found a sacrificial altar of Ru.
  1848 | D:2      | Became a worshipper of Ru the Awakened
  2935 | D:3      | Found a hide-covered altar of Uskayaw.
  3055 | D:3      | Reached XP level 5. HP: 22/22 MP: 8/8
  3148 | D:3      | Found a runed gate.
  3150 | D:3      | Found a runed gate.
  3152 | D:3      | Found a runed gate.
  3154 | D:3      | Noticed bear's ghost (amateur DsBe)
  3155 | D:3      | Found an opulent altar of Gozag.
  3297 | D:4      | Noticed an ice beast
  3314 | D:4      | Killed an ice beast
  3314 | D:4      | Gained mutation: You are covered in thick fur. (AC +2)
                  | [Felid growth]
  3314 | D:4      | Reached XP level 6. HP: 25/25 MP: 9/9
  3530 | D:4      | Reached skill level 5 in Unarmed Combat
  3922 | D:4      | Reached XP level 7. HP: 17/28 MP: 10/10
  4098 | D:4      | Gained mutation: Your cowardice makes you less effective in
                  | combat with threatening monsters. [Ru sacrifice]
  4098 | D:4      | Reached * piety under Ru
  4311 | D:5      | Entered Level 5 of the Dungeon
  4467 | D:5      | Reached skill level 7 in Stealth
  4970 | D:5      | Reached skill level 8 in Stealth
  4970 | D:5      | Reached skill level 5 in Evocations
  5003 | D:5      | Reached XP level 8. HP: 21/32 MP: 12/12
  5527 | D:5      | HP: 1/32 [centaur/+0 dagger (3)]
  5528 | D:5      | Slain by a centaur
  5529 | D:5      | Reached XP level 7. HP: -3/28 MP: 11/11
  5632 | D:5      | Found Muilleac's Jewellery Shop.
  5640 | D:5      | Bought a cursed amulet of inaccuracy for 24 gold pieces
  5780 | D:6      | Found a staircase to the Ecumenical Temple.
  5811 | Temple   | Entered the Ecumenical Temple
  6437 | D:6      | Demolished by an orc warrior
  6438 | D:6      | Reached XP level 6. HP: -15/25 MP: 10/10
  6978 | D:6      | Reached XP level 7. HP: 16/28 MP: 11/11
  7362 | D:6      | Reached skill level 5 in Dodging
  7408 | D:5      | HP: 1/28 [orc wizard/magic dart (7)]
  7776 | D:6      | Found a shimmering altar of Xom.
  8178 | D:7      | Noticed a hippogriff
  8195 | D:7      | Reached XP level 8. HP: 26/32 MP: 12/12
  8307 | D:7      | Killed a hippogriff
  8751 | D:7      | Found a runed door.
  8755 | D:7      | Noticed Ghost621's ghost (novice MiFi)
  8802 | D:7      | Found a deep blue altar of Sif Muna.
  8803 | D:7      | Reached skill level 9 in Stealth
  9191 | D:7      | Found a bloodstained altar of Trog.
  9197 | D:7      | Reached skill level 10 in Stealth
  9503 | D:7      | Found a hazy altar of Hepliaklqana.
 10145 | D:8      | Reached XP level 9. HP: 27/35 MP: 13/13
 10426 | D:8      | Reached skill level 10 in Unarmed Combat
 10640 | D:8      | Found a white marble altar of Elyvilon.
 11040 | D:9      | Found Tocasiup's Book Emporium.
 11089 | D:9      | Found Mut Damaexo's Armour Boutique.
 11260 | D:9      | Found an iron altar of Okawaru.
 11260 | D:9      | Found a bloodstained altar of Trog.
 11268 | D:9      | Found an opulent altar of Gozag.
 11271 | D:9      | Found a stormy altar of Qazlal.
 11273 | D:9      | Found a glowing silver altar of Zin.
 11304 | D:9      | Found Paeden's Distillery.
 11309 | D:9      | Bought a potion of curing for 45 gold pieces
 11309 | D:9      | Bought a potion of curing for 45 gold pieces
 11309 | D:9      | Bought a potion of heal wounds for 75 gold pieces
 11403 | D:9      | Found Poak's Antique Armour Shop.
 11468 | D:9      | Found a staircase to the Orcish Mines.
 11498 | D:9      | Found Ragaari's Book Boutique.
 11508 | D:9      | Noticed a two-headed ogre
 12138 | D:9      | Found a runed door.
 12152 | D:9      | Found the +10 large shield of Ignorance {rN+ Int-4}
 12157 | D:9      | Found a runed door.
 12178 | D:9      | Noticed an orange crystal statue
 12224 | D:9      | Found a basalt altar of Yredelemnul.
 12225 | D:9      | Found a snail-covered altar of Cheibriados.
 12358 | D:10     | Entered Level 10 of the Dungeon
 12438 | D:10     | Found a glowing golden altar of the Shining One.
 12774 | D:10     | Noticed a troll
 12783 | D:10     | Killed a troll
 12783 | D:10     | Reached skill level 11 in Stealth
 12783 | D:10     | Reached XP level 10. HP: 39/39 MP: 15/15
 13392 | D:10     | Found Gulali's Gadget Emporium.
 13395 | D:10     | Bought a wand of iceblast (7) for 187 gold pieces
 14203 | D:11     | Noticed an obsidian statue
 14561 | D:11     | Reached skill level 10 in Dodging
 14682 | D:11     | Reached skill level 12 in Stealth
 15212 | D:11     | Found a staircase to the Lair.
 15895 | D:11     | Noticed a guardian serpent
 15897 | D:11     | Killed a guardian serpent
 16584 | D:11     | Slain by a basilisk
 16585 | D:11     | Reached XP level 9. HP: 0/35 MP: 16/16
 16663 | D:11     | Noticed a troll
 16669 | D:11     | Killed a troll
 16897 | D:12     | Reached XP level 10. HP: 39/39 MP: 17/17
 16932 | D:12     | Noticed an unseen horror
 16939 | D:12     | Killed an unseen horror
 17061 | Lair:1   | Entered Level 1 of the Lair of Beasts
 17114 | Lair:1   | Noticed a spiny frog
 17121 | Lair:1   | Killed a spiny frog
 17131 | Lair:1   | Noticed a black mamba
 17157 | Lair:1   | Killed a black mamba
 17184 | Lair:1   | Noticed Gastronok
 17324 | Lair:1   | Killed Gastronok
 17324 | Lair:1   | Reached skill level 13 in Stealth
 17358 | Lair:1   | Annihilated by a komodo dragon

Vault maps used:
D:1:      dpeg_arrival_subterranean_lakeside_camping, kennysheep_small_spiral,
          minmay_misc_feat_rugged, hangedman_decor_points, hex_medium
D:2:      marbit_many_paths, first_ration, minmay_domino_2
D:3:      eat_drink_and_be_merry_uskayaw, ebering_ghost_gozag
D:5:      serial_shops, shop_statue
D:6:      overflow_temple_1_default, minmay_temple_entry_junction_2
D:7:      led_sif_book, lemuel_crystal_altar, hellmonk_ghost_happy_afterlife,
          trog_ov_bears_minmay
D:8:      elyvilon_altar_3, blue_anna_alchemist, chequers_serial_rivers_large_a
D:9:      chequers_temple_overflow_minitemple, gammafunk_temple_overflow_pools,
          orc_0_dummy, serial_shops, shop_statue, shop, kennysheep_little_box,
          nicolae_shop_waterfront, nicolae_shop_behind_doors,
          chequers_guarded_unrand_ignorance
D:10:     serial_shops, nicolae_shop_behind_doors, tso_altar
D:11:     minmay_lair_entry_grove, minivault_15, nrook_guardian_serpent_ordinary
D:12:     serial_shops, shop, water_maze_lemuel
Temple:   kb_temple_of_zot
Lair:1:   uniq_gastronok

Skill      XL: |  1  2  3  4  5  6  7  8  9 10 |
---------------+-------------------------------+-----
Stealth        | 3 4 5 6 8 10 11 13 | 13.4
Unarmed Combat | 3 4 8 7 11 12 | 12.0
Evocations     | 5 6 8 |  8.0
Dodging        | 3 7 8 9 10 | 10.0
Fighting       | |  1.0

Action                   |  1- 3 |  4- 6 |  7- 9 | 10-12 || total
-------------------------+-------+-------+-------+-------++-------
Melee: Unarmed           |   118 |   127 |   397 |   281 ||   923
       Bite              |     5 |    10 |    37 |    30 ||    82
       Punch             |       |     3 |    14 |     9 ||    26
Invok: Sacrifice Courage |       |       |     1 |       ||     1
       Reject Sacrifices |       |       |       |     1 ||     1
Evoke: Wand              |     3 |    18 |    67 |    15 ||   103
  Use: Scroll            |       |     7 |     9 |     3 ||    19
       Potion            |       |     1 |     5 |       ||     6
 Stab: Sleeping          |    18 |    11 |    26 |     8 ||    63
       Distracted        |       |       |     2 |     1 ||     3
       Petrifying        |       |       |       |     1 ||     1
  Eat: Chunk             |     9 |     4 |    32 |     9 ||    54
Armor: Skin              |     7 |    13 |    12 |    10 ||    42
Dodge: Dodged            |    90 |   119 |   342 |   250 ||   801

Table legend:
 A = Non-vault XP
 B = Vault XP
 C = Vault XP percentage of total XP
 D = Non-vault monster count
 E = Vault monster count
 F = Vault count percentage of total count
                 A         B        C        D         E       F
            +---------+---------+-------+---------+---------+-------
      Total |   11937 |    4747 |  28.5 |     244 |      25 |   9.3
            +---------+---------+-------+---------+---------+-------
        D:1 |      54 |       9 |  14.3 |      30 |       6 |  16.7
        D:2 |      57 |      16 |  21.9 |      19 |       2 |   9.5
        D:3 |      97 |       0 |   0.0 |      16 |       0 |   0.0
        D:4 |     564 |       0 |   0.0 |      17 |       0 |   0.0
        D:5 |     927 |       0 |   0.0 |      27 |       0 |   0.0
        D:6 |    1000 |       0 |   0.0 |      24 |       0 |   0.0
        D:7 |    1112 |     262 |  19.1 |      25 |       2 |   7.4
        D:8 |     951 |     100 |   9.5 |      14 |       1 |   6.7
        D:9 |    1431 |       0 |   0.0 |      18 |       0 |   0.0
       D:10 |    1437 |       0 |   0.0 |      24 |       0 |   0.0
       D:11 |    1715 |    2074 |  54.7 |      16 |      13 |  44.8
       D:12 |    1134 |       0 |   0.0 |       8 |       0 |   0.0
     Lair:1 |    1458 |    2286 |  61.1 |       6 |       1 |  14.3
            +---------+---------+-------+---------+---------+-------
